 Dungeon Crawl Stone Soup version 0.28-a0-529-g3bad584f25 (webtiles) character file.

Game seed: 10986165861097726049

70 bande the Covered (level 4, 0/29 HPs)
             Began as a Gargoyle Fighter on Sept 24, 2021.
             Slain by an iguana (8 damage)
             ... on level 4 of the Dungeon on Sept 25, 2021.
             The game lasted 00:04:52 (2884 turns).

bande the Covered (Gargoyle Fighter)                Turns: 2884, Time: 00:04:53

Health: 0/29       AC: 13    Str: 20    XL:     4   Next: 22%
Magic:  4/4        EV:  9    Int:  9    God:
Gold:   99         SH:  4    Dex:  9    Spells: 3/3 levels left

rFire   . . .      SeeInvis .   a - +0 war axe
rCold   . . .      Faith    .   c - +0 buckler
rNeg    + . .      Spirit   .   b - +0 scale mail
rPois   ∞          Reflect  .   (no helmet)
rElec   +          Harm     .   (no cloak)
rCorr   .          Rampage  .   n - +2 pair of gloves
Will    .....                   (no boots)
Stlth   ..........              (no amulet)
HPRegen 0.09/turn               (no ring)
MPRegen 0.09/turn               (no ring)

@: no status effects
A: sickness immunity, AC +3, negative energy resistance 1, electricity
resistance, torment resistance 1, petrification resistance
a: no special abilities


You were on level 4 of the Dungeon.
You visited 1 branch of the dungeon, and saw 4 of its levels.

You collected 99 gold pieces.

Inventory:

Hand Weapons
 a - a +0 war axe (weapon)
Armour
 b - a +0 scale mail (worn)
 c - a +0 buckler (worn)
 n - a +2 pair of gloves (worn)
Scrolls
 e - a scroll of amnesia
 f - a scroll of identify
 h - a scroll of enchant armour
 i - 2 scrolls of teleportation
Potions
 d - a potion of might
 g - a potion of resistance
 j - a potion of curing {unknown}
 k - a potion of ambrosia {unknown}
 m - a potion of degeneration {unknown}


   Skills:
 + Level 3.9 Fighting
 + Level 2.5 Axes
 + Level 4.1 Armour
 + Level 3.6 Shields


You had 3 spell levels left.
You didn't know any spells.
Your spell library was empty.

Dungeon Overview and Level Annotations

Branches:
Dungeon (4/15)
 Temple: D:4-7

Altars:
The Shining One


Innate Abilities, Weirdness & Mutations

You are immune to sickness and miasma.
Your stone body is resilient. (AC +3)
You are immune to poison.
You resist negative energy. (rN+)
You are resistant to electric shocks. (rElec)
You are resistant to unholy torment.
You are immune to petrification.


Message History

You climb upwards.
There is a stone staircase leading down here.
You slash the goblin!
You kill the goblin!
Things that are here:
a +0 dagger; a goblin corpse You start resting.
HP restored.
You start waiting.
Done waiting.
You start waiting.
Done waiting.
You start waiting.
Done waiting.
You see here a +0 dagger.
There is a stone staircase leading down here.
You climb downwards.
You hear the sound of rushing water.
There is an entrance to a sewer on this level.
Hurry and find it before the portal rusts away!
You hear the quick rusting of a very distant drain.
The iguana bites you! The ogre hits you with a +0 giant club!
There is a stone staircase leading up here.
The iguana bites you.
You climb upwards.
There is a stone staircase leading down here.
Unknown command.
You can't go up here!
The iguana bites you.
* * * LOW HITPOINT WARNING * * *
You climb downwards.
You hear the sound of rushing water.
There is an entrance to a sewer on this level.
Hurry and find it before the portal rusts away!
There is a stone staircase leading up here.
Your shield prevents you from hitting the iguana.
The iguana closely misses you.
You slash the iguana!
The iguana is heavily wounded.
The iguana bites you but does no damage.
The iguana bites you!
You die...

###.....J........
.?......).......#
#............#
#...........##
#####.....!.......
##........h......#
......##.h....#..#
#...##.l##### ..
##.....J@.#
#...)....#
##........#
...........##
............#
########....#
#.....# #..#....
#.##....


You could see an iguana, a hound and an endoplasm.

Vanquished Creatures
  An adder (D:2)
  5 dart slugs
  3 orcs (D:3)
  4 bats
  4 endoplasms
  A giant cockroach (D:2)
  5 goblins
  6 hobgoblins
  3 ball pythons
  7 frilled lizards
  7 kobolds
  5 rats
51 creatures vanquished.

Notes
Turn   | Place    | Note
-------+----------+-------------------------------------------
     0 | D:1      | bande the Gargoyle Fighter began the quest for the Orb.
     0 | D:1      | Reached XP level 1. HP: 14/14 MP: 1/1
    70 | D:1      | Found a faded altar of an unknown god.
   103 | D:1      | Reached XP level 2. HP: 19/19 MP: 2/2
   549 | D:1      | Reached XP level 3. HP: 24/24 MP: 3/3
  1190 | D:2      | Reached skill level 4 in Armour
  1706 | D:3      | Found a glowing golden altar of the Shining One.
  1820 | D:3      | Reached XP level 4. HP: 29/29 MP: 4/4
  2386 | D:4      | Noticed an ogre
  2884 | D:4      | Slain by an iguana

Illustrated notes

Levels and vault maps discovered:
D:1:      dpeg_arrival_round_b, layout_loops_corners,
          shapermc_ecumenical_altar_notcrosses
D:2:      layout_rooms
D:3:      layout_basic, tso_altar
D:4:      layout_cave_pools, lemuel_tele_altar, gup_sewer_entry_pipe,
          uniq_blork_the_orc

Skill      XL: |  1  2  3 |
---------------+----------+-----
Axes           | 2 |  2.5
Armour         | 4 |  4.1
Fighting       | |  3.9
Shields        | |  3.6

Action                   |  1- 3 |  4- 6 || total
-------------------------+-------+-------++-------
Melee: War axe           |   114 |    32 ||   146
  Use: Scroll            |     6 |       ||     6
Armor: Scale mail        |    60 |    27 ||    87
Dodge: Dodged            |    57 |    12 ||    69
Block: Buckler           |    21 |    10 ||    31

Table legend: (Time is in decaauts)
 A = Elapsed time spent in this place.
 B = Non-inter-level travel time spent in this place.
 C = Inter-level travel time spent in this place.
 D = Time resting spent in this place.
 E = Time spent auto-exploring this place.
 F = Levels seen in this place.
 G = Mean time per level.
                   A        B        C        D        E       F      G
               +--------+--------+--------+--------+--------+-----+--------+
         Total |   2943 |   2943 |      0 |    474 |   1932 |   4 |  735.8 |
       Dungeon |   2943 |   2943 |      0 |    474 |   1932 |   4 |  735.8 |
               +--------+--------+--------+--------+--------+-----+--------+

Top non-repeatable levels by time:
     D:3: 1370 daAuts
     D:1: 949 daAuts
     D:2: 585 daAuts
     D:4: 38 daAuts
